 Dungeon Crawl Stone Soup version 0.31-a0-986-g5e6e4ef867 (webtiles) character file.

Game seed: 16644913833472296037

7498 FakeRyeBread the Fighter (level 11, -4/92 HPs)
             Began as a Djinni Conjurer on Nov 18, 2023.
             Was a Believer of Ashenzari.
             Slain by a manticore (11 damage)
             ... on level 10 of the Dungeon.
             The game lasted 01:00:16 (9165 turns).

FakeRyeBread the Fighter (Djinni Conjurer)          Turns: 9165, Time: 01:00:16

Health: -4/92      AC:  6    Str:  6    XL:     11   Next: 38%
Gold:   662        EV: 29    Int: 23    God:    Ashenzari [**....] SH:  0 Dex: 19

rFire   + + .        c - +3 short sword of Ashenzari's Paranoia {protect, Self, Alch} (curse)
rCold   . . .        (no shield)
rNeg    . . .        F - +0 troll leather armour
rPois   ∞            q - +2 helmet "Bound Together" {Self, Comp} (curse)
rElec   .            (no cloak)
rCorr   +            (no gloves)
SInv    +            (boots unavailable)
Will    +....        k - amulet of Zihohimety {Acrobat rC+}
Stlth   ++           A - ring of resist corrosion
HPRegen 1.15/turn    a - ring "Restrained Jealousy" {Dex+6, Alch, Melee} (curse)
MPRegen 0.00/turn

%: acrobat, infuse magic (-5 HP)
@: spiked, acrobatic, flying
A: sickness immunity, fire resistance 2, cold vulnerability 1, float, innate
caster, HP casting, extra vitality 1
a: Renounce Religion, Curse Item, Shatter the Chains


You were on level 10 of the Dungeon.
You worshipped Ashenzari.
Ashenzari was pleased with you.
You visited 1 branch of the dungeon, and saw 10 of its levels.

You collected 662 gold pieces.

Inventory:

Hand Weapons
 c - the cursed +3 short sword of Ashenzari's Paranoia (weapon) {protect, Self, Alch}
   (You took it off a kobold on level 1 of the Dungeon)

   It has a curse which improves the following skills: Introspection: Fighting
   and Spellcasting.
   Alchemy:   Poison Magic and Transmutations.
Missiles
 s - 2 throwing nets
Armour
 i - a +1 ring mail of positive energy
 q - the cursed +2 helmet "Bound Together" (worn) {Self, Comp}
   (You took it off Robin on level 3 of the Dungeon)

   It has a curse which improves the following skills: Introspection: Fighting
   and Spellcasting.
   Companions: Summonings and Necromancy.
 z - +1 acid dragon scales
 F - a +0 troll leather armour (worn)
Jewellery
 a - the cursed ring "Restrained Jealousy" (right hand) {Dex+6, Alch, Melee}
   (You found it on level 4 of the Dungeon)

   [ring of dexterity]

   Dex+6:     It affects your dexterity (+6).
   It has a curse which improves the following skills: Alchemy: Poison Magic and
   Transmutations.
   Melee Combat: Short Blades, Long Blades, Axes, Maces & Flails, Polearms,
   Staves and Unarmed Combat.
 g - a ring of fire
 h - a ring of wizardry
 k - the amulet of Zihohimety (around neck) {Acrobat rC+}
   (You found it on level 2 of the Dungeon)

   [amulet of the acrobat]

   Acrobat:   It increases your evasion while moving and waiting.
   rC+:       It protects you from cold.
 o - a +6 ring of strength
 A - a ring of resist corrosion (left hand)
Wands
 e - a wand of roots (15)
 n - a wand of digging (5)
 w - a wand of mindburst (3)
Scrolls
 d - 6 scrolls of teleportation
 j - 2 scrolls of fog
 l - 3 scrolls of summoning
 m - a scroll of blinking
 t - 2 scrolls of fear
 x - a scroll of poison
 y - 2 scrolls of vulnerability
 B - a scroll of silence
 C - 2 scrolls of torment
Potions
 b - a potion of resistance
 f - a potion of curing
 p - 3 potions of heal wounds
 r - a potion of mutation
 u - 2 potions of lignification
 E - a potion of brilliance


   Skills:
 + Level 11.6(13.2) Fighting
 + Level 5.5 Dodging
 - Level 1.5 Stealth
 + Level 9.3(11.0) Spellcasting
 + Level 9.3 Conjurations
 + Level 9.3 Hexes
   Level 0.0 Charms
 + Level 9.3(10.4) Summonings
 + Level 9.3(10.4) Necromancy
 + Level 9.3 Translocations
 + Level 9.3(11.0) Transmutations
 + Level 9.3 Fire Magic
 + Level 9.3 Ice Magic
 + Level 9.3 Air Magic
 + Level 9.3 Earth Magic
 + Level 9.3(11.0) Poison Magic


You knew the following spells:

 Your Spells              Type           Power      Damage    Failure   Level
a - Magic Dart            Conj           100%       1d8       1%          1
b - Searing Ray           Conj           100%       2d8       1%          2
c - Dazzling Flash        Conj/Hex       100%       N/A       1%          3
d - Fulminant Prism       Conj/Hex       26%        3d14      1%          4
e - Iskenderun's Mystic   Conj/Tloc      53%        2d11      1%          4
f - Necrotise             Necr           100%       1d9       1%          1
g - Poisonous Vapours     Pois/Air       100%       N/A       1%          2
h - Hailstorm             Conj/Ice       53%        3d12      1%          3
i - Gell's Gravitas       Tloc           53%        N/A       1%          3
j - Freezing Cloud        Conj/Ice/Air   26%        6-21      4%          5
Your spell library was empty.

Dungeon Overview and Level Annotations

Branches:
Dungeon (10/15)            Temple (0/1) D:7
   Lair: D:8-11         Orc: D:9-12

Altars:
Ashenzari
Fedhas
Okawaru
Xom

Shops:
D:9 :

Annotations:
D:5 3 runed translucent doors, Moreman's ghost, amateur DgEn
D:7 2 transporters, zenocrate's ghost, novice OpIE


Innate Abilities, Weirdness & Mutations

You are immune to sickness and miasma.
You are immune to poison.
Your flesh is very heat resistant. (rF++)
You are vulnerable to cold. (rC-)
You float through the air rather than walking.
You learn spells naturally, not from books.
Your magical power is your life essence.
You have superior vitality. (+4 MHP)


Message History

Aim: a manticore (moderately wounded, 90% to hit)
The searing ray hits the manticore.
The manticore is heavily wounded.
The searing ray hits the centaur!
The centaur is heavily wounded. (Press . to maintain the ray.)
The manticore flicks its tail.
The volley of spikes hits you!
The barbed spikes become lodged in your body.
* * * LOW HITPOINT WARNING * * *
The barbed spikes dig painfully into your body as you move.
* * * LOW HITPOINT WARNING * * *
The manticore flicks its tail.
The volley of spikes hits you.
The barbed spikes become lodged in your body.
* * * LOW HITPOINT WARNING * * *
You feel much better.
Aiming: Fulminant Prism (mildly dangerous; 1% risk of failure)
Press: ? - help, Q - select action, (/) - cycle Dir - move target, p - manticore You conjure a prism of explosive energy!
A fulminant prism comes into view.
Something hits your fulminant prism.
Something kicks your fulminant prism but does no damage.
Aiming: Fulminant Prism (mildly dangerous; 1% risk of failure)
Press: ? - help, Q - select action, (/) - cycle Dir - move target You conjure a prism of explosive energy!
A fulminant prism comes into view.
Something hits your fulminant prism but does no damage.
Something kicks your fulminant prism but does no damage.
The yaktaur shoots a bolt.
The bolt hits your fulminant prism!
Your fulminant prism detonates feebly.
The barbed spikes dig painfully into your body as you move.
* * * LOW HITPOINT WARNING * * *
The centaur wields a +3 orcbow.
The centaur shoots an arrow.
The arrow hits your fulminant prism!
The manticore attacks as it pursues you!
The manticore bites you!
* * * LOW HITPOINT WARNING * * *
The manticore claws you!
You die...

#........#####..#.......#...
#........# #..#.......#...
#.>......# #..#.......#...
#........# #..#|#######...
#........# #..............
#..#####.### #..............
######..#
#...########.........
........#
#.###...*cc###.....^.
........#
###.@H####.).###.....
........# ###...###
###≈..###...
<.......###....## ##)...##..
........##.~..## {.#..≈.###
........#...~## *. #†...#
#.....).#~...# ##. ...~#
#.......).~≈.# #. .≈~.#
#.......#...~# #. ^..##
#.......#...~# #. ...#.


You could see a manticore (ally target), a yaktaur, a centaur and a friendly
fulminant prism.

Vanquished Creatures
  A two-headed ogre (D:9)
  A salamander (shapeshifter) (D:9)
  3 kobold demonologists
  A troll (D:10)
  A hornet (D:8)
  3 vampires
  2 wraiths (D:10)
  7 yaks
  A vampire mosquito (D:10)
  2 steam dragons
  2 acid dragons
  2 water moccasins (D:7)
  2 ice beasts (D:5)
  3 orc warriors
  2 sky beasts (D:7)
  3 ogres
  3 centaurs
  4 kobold brigands
  3 bullfrogs
  2 scorpions
  7 wights
  2 hounds
  A jelly (D:7)
  9 orc priests
  2 iguanas
  5 orc wizards
  Robin (D:3)
  4 gnolls (D:5)
  7 adders
  2 shadow imps
  2 worms
  A dart slug (D:2)
  16 orcs
  5 ball pythons
  6 bats
  7 endoplasms
  6 giant cockroaches
  12 goblins
  7 hobgoblins
  4 jackals (D:1)
  7 kobolds
  9 quokkas
  5 frilled lizards
  3 rats
  15 fulminant prisms
193 creatures vanquished.

Vanquished Creatures (collateral kills)
  A bat (D:1)
  A giant cockroach (D:1)
2 creatures vanquished.

Vanquished Creatures (others)
  35 fulminant prisms
35 creatures vanquished.

Grand Total: 230 creatures vanquished

Notes
Turn   | Place    | Note
-------+----------+-------------------------------------------
     0 | D:1      | FakeRyeBread the Djinni Conjurer began the quest for the
                  | Orb.
     0 | D:1      | FakeRyeBread set off with the following spells memorised:
                  | Magic Dart, Searing Ray, Dazzling Flash, Fulminant Prism,
                  | Iskenderun's Mystic Blast.
     0 | D:1      | Reached XP level 1. HP: 15/15 MP: 0/0
    30 | D:1      | Reached XP level 2. HP: 15/22 MP: 0/0
    88 | D:1      | Reached skill level 1 in Fighting
   236 | D:1      | Found a faded altar of an unknown god.
   252 | D:1      | Reached XP level 3. HP: 26/27 MP: 0/0
   252 | D:1      | Learned a level 1 spell: Necrotise
   604 | D:1      | Reached skill level 2 in Fighting
   835 | D:2      | Reached XP level 4. HP: 30/33 MP: 0/0
  1183 | D:2      | Identified the amulet of Zihohimety {Acrobat rC+}
  1262 | D:2      | Found a broken altar of Ashenzari.
  1270 | D:2      | Became a worshipper of Ashenzari the Shackled
  1770 | D:3      | Noticed Robin
  1792 | D:3      | Killed Robin
  1793 | D:3      | Reached XP level 5. HP: 33/40 MP: 0/0
  1793 | D:3      | Learned a level 2 spell: Poisonous Vapours
  1894 | D:3      | Reached skill level 3 in Fighting
  1965 | D:3      | You are sucked into a shaft and drop 3 floors!
  2035 | D:5      | Entered Level 5 of the Dungeon
  2117 | D:5      | Found a shimmering altar of Xom.
  2167 | D:5      | Reached XP level 6. HP: 44/47 MP: 0/0
  2231 | D:5      | Noticed an ogre
  2317 | D:4      | Reached * piety under Ashenzari
  2357 | D:4      | Reached skill level 4 in Fighting
  2900 | D:4      | Reached ** piety under Ashenzari
  3151 | D:4      | Reached XP level 7. HP: 49/56 MP: 0/0
  3151 | D:4      | Learned a level 3 spell: Hailstorm
  3301 | D:5      | Reached skill level 5 in Spellcasting
  3301 | D:5      | Reached skill level 5 in Conjurations
  3301 | D:5      | Reached skill level 5 in Hexes
  3301 | D:5      | Reached skill level 5 in Summonings
  3301 | D:5      | Reached skill level 5 in Necromancy
  3301 | D:5      | Reached skill level 5 in Translocations
  3301 | D:5      | Reached skill level 5 in Transmutations
  3301 | D:5      | Reached skill level 5 in Fire Magic
  3301 | D:5      | Reached skill level 5 in Ice Magic
  3301 | D:5      | Reached skill level 5 in Air Magic
  3301 | D:5      | Reached skill level 5 in Earth Magic
  3301 | D:5      | Reached skill level 5 in Poison Magic
  3355 | D:5      | Reached skill level 5 in Fighting
  3455 | D:5      | Reached XP level 8. HP: 61/64 MP: 0/0
  3624 | D:5      | Found a runed translucent gate.
  3625 | D:5      | Found a runed translucent gate.
  3626 | D:5      | Found a runed translucent gate.
  3626 | D:5      | Noticed Moreman's ghost (amateur DgEn)
  4251 | D:6      | Reached skill level 6 in Fighting
  4285 | D:6      | Reached *** piety under Ashenzari
  4713 | D:7      | Reached skill level 7 in Fighting
  4776 | D:7      | Identified the +9 sling "Bapham" {antimagic, rF++ rC+ Str+3
                  | Int-5}
  4781 | D:7      | Found a staircase to the Ecumenical Temple.
  4800 | D:7      | Reached XP level 9. HP: 66/73 MP: 0/0
  4800 | D:7      | Learned a level 3 spell: Gell's Gravitas
  4859 | D:7      | Found a transporter.
  5072 | D:7      | Noticed zenocrate's ghost (novice OpIE)
  5079 | D:7      | Found a transporter.
  5126 | D:7      | Identified the amulet "Ovvucuyw" {Spirit -Cast rC+++ Regen+
                  | Dex-3}
  5184 | D:6      | Reached skill level 8 in Fighting
  5480 | D:8      | Noticed a hornet
  5488 | D:8      | Killed a hornet
  6327 | D:8      | Reached skill level 9 in Fighting
  6373 | D:8      | Found a blossoming altar of Fedhas.
  6457 | D:9      | Found Miliahoi's Book Shoppe.
  6489 | D:9      | Reached XP level 10. HP: 62/83 MP: 0/0
  6641 | D:9      | Noticed a kobold demonologist
  6653 | D:9      | Killed a kobold demonologist
  6654 | D:9      | Reached skill level 10 in Fighting
  6694 | D:9      | Noticed a kobold demonologist
  6721 | D:9      | Killed a kobold demonologist
  6873 | D:9      | Noticed a lindwurm
  6878 | D:9      | Noticed a lindwurm
  6886 | D:9      | Noticed a lindwurm
  7039 | D:9      | Noticed a lindwurm
  7290 | D:9      | a jumping spider changed into a salamander
  7290 | D:9      | Noticed a salamander (shapeshifter)
  7295 | D:9      | Killed a salamander
  7533 | D:9      | Noticed a two-headed ogre
  7544 | D:9      | Killed a two-headed ogre
  7752 | D:9      | Identified the +3 dagger "Jaemuf" {flame, rC+}
  8034 | D:10     | Entered Level 10 of the Dungeon
  8100 | D:10     | Reached XP level 11. HP: 68/90 MP: 0/0
  8100 | D:10     | Learned a level 5 spell: Freezing Cloud
  8109 | D:10     | Reached skill level 11 in Fighting
  8617 | D:10     | Found an iron altar of Okawaru.
  8641 | D:10     | Noticed a soul eater
  8988 | D:10     | Reached skill level 5 in Dodging
  9147 | D:10     | Noticed a manticore
  9165 | D:10     | Slain by a manticore

Illustrated notes

Levels and vault maps discovered:
D:1:      zaba_arrival_water, layout_loops_ring,
          chequers_ecumenical_altar_simple, grunt_decor_fettered,
          chequers_garden, minivault_26
D:2:      layout_basic, basic_altar, corner_web_ring, chequers_decorated_corner,
          minmay_tetromino_i2
D:3:      layout_loops_ring, reono_crystal_passage, uniq_robin, uniq_sigmund
D:4:      layout_loops_corners, nicolae_houndstooth_variations
D:5:      layout_gridville, mainiacjoe_overflow_alcove_2, serial_glass,
          glass_columns_c, glass_columns_b, gammafunk_ghost_nasty_kobolds
D:6:      layout_basic
D:7:      layout_gridville, minmay_temple_entry_statues_fountains,
          gammafunk_ghost_gnarly_gnolls, kennysheep_generic_room_13
D:8:      layout_cave_pools, fedhas_altar_fruit_tree, nicolae_benzene_ring
D:9:      layout_roguey, serial_shops, nicolae_book_shop_shelving,
          minmay_lindwurm_lava
D:10:     layout_irregular_city, mainiacjoe_overflow_catwalk_spiral,
          nzn_random_ring

Skill      XL: |  1  2  3  4  5  6  7  8  9 10 11 |
---------------+----------------------------------+-----
Fighting       | 1 2 3 4 5 7 9 10 11 | 11.6
Spellcasting   | 4 5 6 7 8 9 |  9.3
Conjurations   | 4 5 6 7 8 9 |  9.3
Hexes          | 4 5 6 7 8 9 |  9.3
Summonings     | 4 5 6 7 8 9 |  9.3
Necromancy     | 4 5 6 7 8 9 |  9.3
Translocations | 4 5 6 7 8 9 |  9.3
Transmutations | 4 5 6 7 8 9 |  9.3
Fire Magic     | 4 5 6 7 8 9 |  9.3
Ice Magic      | 4 5 6 7 8 9 |  9.3
Air Magic      | 4 5 6 7 8 9 |  9.3
Earth Magic    | 4 5 6 7 8 9 |  9.3
Poison Magic   | 4 5 6 7 8 9 |  9.3
Dodging        | 4 5 |  5.5
Stealth        | |  1.5

Action                     |  1- 3 |  4- 6 |  7- 9 | 10-12 || total
---------------------------+-------+-------+-------+-------++-------
  Melee: Short sword       |    20 |   126 |    13 |     3 ||   162
         Punch             |       |     2 |       |       ||     2
   Cast: Magic Dart        |    30 |    74 |    27 |    11 ||   142
         Necrotise         |    23 |       |       |       ||    23
         Searing Ray       |       |     9 |    46 |    43 ||    98
         Fulminant Prism   |       |       |    14 |    37 ||    51
         Poisonous Vapours |       |       |     5 |       ||     5
         Gell's Gravitas   |       |       |     1 |       ||     1
 Invoke: Curse Item        |       |     3 |     2 |       ||     5
         Shatter the Chain |       |       |     1 |     1 ||     2
    Use: Scroll            |       |     2 |     2 |     1 ||     5
         Potion            |       |       |       |     3 ||     3
   Stab: Sleeping          |       |     1 |       |       ||     1
 Armour: Leather armour    |    12 |       |       |       ||    12
         Ring mail         |     6 |    77 |    25 |       ||   108
         Skin              |     1 |       |       |       ||     1
         Acid dragon scale |       |       |     2 |    22 ||    24
         Pearl dragon scal |       |       |       |    35 ||    35
         Troll leather arm |       |       |       |    11 ||    11
  Dodge: Dodged            |    21 |    70 |    67 |    92 ||   250

Table legend: (Time is in decaauts)
 A = Elapsed time spent in this place.
 B = Non-inter-level travel time spent in this place.
 C = Inter-level travel time spent in this place.
 D = Time resting spent in this place.
 E = Time spent auto-exploring this place.
 F = Levels seen in this place.
 G = Mean time per level.
                   A        B        C        D        E       F      G
               +--------+--------+--------+--------+--------+-----+--------+
         Total |   9163 |   7032 |   2131 |   1400 |   4080 |  10 |  916.3 |
       Dungeon |   9163 |   7032 |   2131 |   1400 |   4080 |  10 |  916.3 |
               +--------+--------+--------+--------+--------+-----+--------+

Top non-repeatable levels by time:
     D:9: 1581 daAuts
     D:5: 1174 daAuts
    D:10: 1128 daAuts
     D:4: 1056 daAuts
     D:8: 974 daAuts
     D:2: 847 daAuts
     D:1: 715 daAuts
     D:7: 665 daAuts
     D:6: 618 daAuts
     D:3: 400 daAuts
